 Dungeon Crawl Stone Soup version 0.29-a0-1016-g236c7fd91e (webtiles) character file.

Game seed: 7830253643059857840

399 componib the Chopper (level 6, 0/56 HPs)
             Began as a Hill Orc Berserker on Aug 9, 2022.
             Was a Believer of Trog.
             Slain by a scorpion (2 damage)
             ... on level 5 of the Dungeon.
             The game lasted 00:14:41 (3450 turns).

componib the Chopper (Hill Orc Berserker)           Turns: 3450, Time: 00:14:42

Health: 0/56       AC:  5    Str: 22    XL:     6   Next: 84%
Magic:  6/6        EV:  7    Int:  7    God:    Trog [**....]
Gold:   155        SH:  9    Dex: 10    Spells: 5/5 levels left

rFire   . . .      SeeInvis .   s - +3 whip (drain)
rCold   . . .      Faith    .   A - +0 tower shield
rNeg    . . .      Spirit   .   w - +0 ring mail
rPois   .          Reflect  .   (no helmet)
rElec   .          Harm     .   (no cloak)
rCorr   .          Rampage  .   (no gloves)
Will    .....                   (no boots)
Stlth   +.........              (no amulet)
HPRegen 0.18/turn               (no ring)
MPRegen 0.10/turn               (no ring)

@: on berserk cooldown, slowed, very slow
A: no striking features
a: Renounce Religion, Berserk, Trog's Hand


You were on level 5 of the Dungeon.
You worshipped Trog.
Trog was pleased with you.
You visited 1 branch of the dungeon, and saw 4 of its levels.

You collected 155 gold pieces.

Inventory:

Hand Weapons
 a - a +0 hand axe
 q - a +1 spectral club
 s - a +3 whip of draining (weapon)
 z - a +0 giant spiked club
Armour
 b - a +0 animal skin
 j - a +0 leather armour
 w - a +0 ring mail (worn)
 A - a +0 tower shield (worn)
Wands
 p - a wand of iceblast (11)
 t - a wand of digging (8)
Scrolls
 c - 2 scrolls of teleportation {unknown}
 e - 2 scrolls of poison {unknown}
 h - a scroll of butterflies {unknown}
 i - a scroll of fear {unknown}
 m - a scroll of torment {unknown}
 o - a scroll of enchant weapon {unknown}
 u - 2 scrolls of identify {unknown}
 x - a scroll of blinking {unknown}
 y - a scroll of immolation {unknown}
Potions
 d - a potion of brilliance {unknown}
 f - 2 potions of curing
 g - a potion of mutation {unknown}
 k - a potion of cancellation {unknown}
 l - a potion of resistance {unknown}
 n - a potion of ambrosia {unknown}
 r - a potion of flight {unknown}
 v - a potion of attraction {unknown}


   Skills:
 + Level 5.2 Fighting
 + Level 6.2(6.4) Axes
 + Level 1.7(3.7) Maces & Flails
 + Level 4.0 Armour
 + Level 2.5 Dodging
 + Level 0.5 Stealth
 + Level 0.4 Shields
 + Level 0.1 Evocations


You had 5 spell levels left.
You didn't know any spells.
Your spell library contained the following spells:

 Spells                   Type           Power      Damage    Failure   Level
 Summon Guardian Golem    Hex/Summ       0%         N/A       100%        3
 Orb of Destruction       Conj           0%         9d5       100%        7
 Spellforged Servitor     Conj/Summ      0%         N/A       100%        7


Dungeon Overview and Level Annotations

Branches:
Dungeon (5/15)
 Temple: D:4-7

Altars:
Fedhas


Message History

Edmund barely misses you.
The centaur shoots an arrow.
The arrow barely misses you.
The arrow hits the orc priest!
The orc priest dies!
You barely miss Edmund. The scorpion stings you.
The centaur shoots an arrow.
You block the arrow. Edmund barely misses you.
You whack Edmund! You drain Edmund.
Edmund is moderately wounded.
The scorpion stings you.
* * * LOW HITPOINT WARNING * * *
The centaur shoots an arrow.
The arrow hits you!
* * * LOW HITPOINT WARNING * * *
You block Edmund's attack.
Unknown command.
You are too berserk!
You are too berserk!
The centaur shoots an arrow.
The arrow hits you.
* * * LOW HITPOINT WARNING * * *
The centaur shoots an arrow.
You block the arrow.
You whack Edmund!
Edmund is heavily wounded.
The scorpion stings you.
* * * LOW HITPOINT WARNING * * *
Edmund barely misses you.
The centaur shoots an arrow.
The arrow closely misses you. The scorpion barely misses you.
You whack Edmund! You drain Edmund.
You kill Edmund!
Trog accepts your kill. You block the scorpion's attack.
Your life force feels restored.
Your Armour skill increases to level 4!
You are too berserk!
The centaur shoots an arrow.
The arrow hits you but does no damage.
Things that are here:
a +6 flail of draining; a +0 leather armour You feel a strong urge to attack something.
You are no longer berserk.
You are exhausted.
You feel yourself slow down. The scorpion stings you.
You die...

#..............
#............# #####
#...$........# #....
#............# #...>
#............# #....
#.....)......#####....
#.....................
#.....s...............
#....@.$..............
#...)####c............
#.).) #.............
..'.... #.............
..#.... #.............
. #.... #.............
#.... #.............
#.... #.............
#.............


You could see a centaur and a scorpion.

Vanquished Creatures
  Edmund (D:5)
  An ogre (D:5)
  A hound (D:5)
  A jelly (D:5)
  An iguana (D:5)
  Ijyb (D:3)
  3 adders
  4 dart slugs
  6 orcs
  3 ball pythons
  4 endoplasms
  A giant cockroach (D:3)
  3 goblins
  7 hobgoblins
  6 kobolds
  2 quokkas
  5 bats
  A frilled lizard (D:1)
  A rat (D:3)
52 creatures vanquished.

Vanquished Creatures (others)
  An orc priest (D:5)
  12 fungi (D:5)
13 creatures vanquished.

Grand Total: 65 creatures vanquished

Notes
Turn   | Place    | Note
-------+----------+-------------------------------------------
     0 | D:1      | componib the Hill Orc Berserker began the quest for the
                  | Orb.
     0 | D:1      | Reached XP level 1. HP: 19/19 MP: 1/1
   251 | D:1      | Reached XP level 2. HP: 16/27 MP: 2/2
  1024 | D:1      | Reached XP level 3. HP: 32/33 MP: 3/3
  1417 | D:2      | Reached skill level 5 in Axes
  1644 | D:2      | Found a faded altar of an unknown god.
  1988 | D:2      | Reached ** piety under Trog
  2485 | D:3      | Reached XP level 4. HP: 30/40 MP: 4/4
  2591 | D:3      | Found a blossoming altar of Fedhas.
  2594 | D:3      | Noticed Ijyb
  2605 | D:3      | Killed Ijyb
  3001 | D:3      | You fall into a shaft and drop 2 floors!
  3001 | D:5      | Entered Level 5 of the Dungeon
  3067 | D:5      | Noticed an ogre
  3086 | D:5      | Killed an ogre
  3087 | D:5      | Reached skill level 6 in Axes
  3087 | D:5      | Reached XP level 5. HP: 18/47 MP: 5/5
  3340 | D:5      | Reached XP level 6. HP: 54/55 MP: 6/6
  3410 | D:5      | Reached skill level 5 in Fighting
  3435 | D:5      | Noticed Edmund
  3440 | D:5      | Reached skill level 1 in Maces & Flails
  3446 | D:5      | HP: 2/81 [scorpion (6)]
  3447 | D:5      | Killed Edmund
  3450 | D:5      | Slain by a scorpion

Illustrated notes

Levels and vault maps discovered:
D:1:      minmay_arrival_pointy, layout_basic, skrybe_limestone_x,
          minmay_pentomino_r4
D:2:      layout_basic, shapermc_ecumenical_altar_totnotflames,
          minmay_misc_feat_four_crosses
D:3:      layout_loops_ring, fedhas_ov_isle_minmay,
          chequers_serial_rivers_micro_e, uniq_ijyb
D:5:      layout_gridville, mainiacjoe_overflow_chevrons,
          kennysheep_generic_room_15, uniq_edmund, uniq_sigmund, uniq_eustachio

Skill      XL: |  1  2  3  4  5  6 |
---------------+-------------------+-----
Fighting       | 4 5 |  5.2
Dodging        | 2 |  2.5
Axes           | 5 6 |  6.2
Armour         | 3 4 |  4.0
Maces & Flails | 1 |  1.7
Stealth        | |  0.5
Shields        | |  0.4
Evocations     | |  0.1

Action                   |  1- 3 |  4- 6 || total
-------------------------+-------+-------++-------
Melee: Hand axe          |   125 |    14 ||   139
       Punch             |     3 |       ||     3
       Whip              |       |    71 ||    71
Invok: Berserk           |       |     2 ||     2
Evoke: Wand              |       |     2 ||     2
Armor: Animal skin       |    22 |       ||    22
       Leather armour    |    19 |     4 ||    23
       Ring mail         |       |    14 ||    14
Dodge: Dodged            |    88 |    35 ||   123
Block: Tower shield      |       |    29 ||    29

Table legend: (Time is in decaauts)
 A = Elapsed time spent in this place.
 B = Non-inter-level travel time spent in this place.
 C = Inter-level travel time spent in this place.
 D = Time resting spent in this place.
 E = Time spent auto-exploring this place.
 F = Levels seen in this place.
 G = Mean time per level.
                   A        B        C        D        E       F      G
               +--------+--------+--------+--------+--------+-----+--------+
         Total |   3496 |   3391 |    105 |    522 |   1859 |   4 |  874.0 |
       Dungeon |   3496 |   3391 |    105 |    522 |   1859 |   4 |  874.0 |
               +--------+--------+--------+--------+--------+-----+--------+

Top non-repeatable levels by time:
     D:2: 1243 daAuts
     D:1: 1147 daAuts
     D:3: 640 daAuts
     D:5: 464 daAuts
